 Dungeon Crawl Stone Soup version 0.17-a0-2127-g1cb09f6 (console) character file.

151560 brucemayne the Executioner (level 16, -16/132 HPs)
             Began as a Demonspawn Berserker on Oct 23, 2015.
             Was the Champion of Trog.
             Demolished by an acid blob (18 damage)
             ... on level 4 of the Pits of Slime.
             The game lasted 01:27:43 (12368 turns).

brucemayne the Executioner (Demonspawn Berserker)  Turns: 12368, Time: 01:27:43

Health: -16/132    AC: 24    Str: 20    XL:     16   Next: 37%
Magic:  9/16       EV: 11    Int:  5    God:    Trog [******]
Gold:   1079       SH:  0    Dex: 20    Spells: 0 memorised, 15 levels left

rFire  + . .     SeeInvis .     k - +4 battleaxe (drain)
rCold  . . .     Clarity  .     c - +0 plate armour
rNeg   + + +     SustAt   .     (no shield)
rPois  +         Gourm    .     D - +0 helmet
rElec  .         Spirit   .     R - +2 cloak of the Barber Surgeon {rPois rN+++ rCorr Int-3}
rCorr  +         Warding  .     L - +1 pair of gloves
rMut   .         Stasis   .     A - +0 pair of boots
MR     +....                    h - amulet of regeneration
Stlth  ..........               e - ring of protection from fire
                                n - +1 ring of evasion

@: confused, exhausted, slowed, very slow, somewhat resistant to hostile
enchantments, extremely unstealthy
A: talons 2, thin skeletal structure 2, blurry vision 1, demonic guardian 2,
powered by death 2, robust 1, weak 1
a: Berserk, Trog's Hand, Brothers in Arms, Burn Spellbooks, Renounce Religion
}: 2/15 runes: decaying, serpentine


You were on level 4 of the Pits of Slime.
You worshipped Trog.
Trog was exalted by your worship.
You were hungry.

You visited 7 branches of the dungeon, and saw 37 of its levels.

You collected 1724 gold pieces.
You spent 645 gold pieces at shops.

Inventory:

Hand Weapons
 a - the +7 war axe of Irrepressible Laughter {flame, MP+9 Int+3}
   (You bought it in a shop on level 1 of the Orcish Mines)

   It has been specially enchanted to burn those struck by it, causing extra
   injury to most foes and up to half again as much damage against particularly
   susceptible opponents.
   Big, fiery blades are also staple armaments of hydra-hunters.
   It affects your intelligence (+3).
   It affects your magic capacity (+9).
 b - a +2 executioner's axe of venom
 k - a +4 battleaxe of draining (weapon)
 F - a +4 antimagic battleaxe
 P - a +5 antimagic broad axe
Missiles
 y - 33 poisoned needles
Armour
 c - a +0 plate armour (worn)
 A - a +0 pair of boots (worn)
 D - a +0 helmet (worn)
 L - a +1 pair of gloves (worn)
 R - the +2 cloak of the Barber Surgeon (worn) {rPois rN+++ rCorr Int-3}
   (You found it on level 8 of the Lair of Beasts)

   It affects your intelligence (-3).
   It protects you from poison.
   It renders you almost immune to negative energy.
   It protects you from acid and corrosion.
Jewellery
 e - a ring of protection from fire (right hand)
 h - an amulet of regeneration (around neck)
 n - a +1 ring of evasion (left hand)
Wands
 o - a wand of digging (10)
 s - a wand of digging (14)
 z - a wand of fire (0)
 B - a wand of heal wounds (5)
 N - a wand of disintegration (13)
Scrolls
 d - 7 scrolls of teleportation
 g - a scroll of fear
 i - a scroll of noise
 E - a scroll of identify
 H - 3 scrolls of enchant armour
 K - 2 scrolls of enchant weapon
 Q - 2 scrolls of remove curse
 S - 3 scrolls of blinking
Potions
 f - 3 potions of cancellation
 j - 2 potions of resistance
 l - a potion of flight
 t - 5 potions of curing
 u - 3 potions of brilliance
 C - 2 potions of might
 G - 2 potions of haste
 J - a potion of degeneration {unknown}
 O - 2 potions of cure mutation
 V - a potion of ambrosia {unknown}
Comestibles
 v - 2 meat rations


   Skills:
 - Level 9.0 Fighting
 + Level 21.5 Axes
 - Level 11.0 Armour
 - Level 6.0 Dodging


You had 15 spell levels left.
You didn't know any spells.

Dungeon Overview and Level Annotations

Branches:
Dungeon (12/15)            Temple (1/1) D:5            Lair (8/8) D:10
  Swamp (4/4) Lair:6        Snake (4/4) Lair:5        Slime (4/6) Lair:7
    Orc (4/4) D:9             Elf (0/3) Orc:4

Altars:
Cheibriados
Dithmenos
Elyvilon
Gozag
Makhleb
Okawaru
Qazlal
Ru
Sif Muna

Shops:
D:9 [(   D:11 }   Orc:1 (   Orc:3 [   Orc:4 :%:*

Annotations:
D:10 exclusion: upstairs


Innate Abilities, Weirdness & Mutations

You have razor-sharp toenails.
You have a moderately thin skeletal structure (Dex +4, Stealth+).
A demonic guardian rushes to your aid.
You regenerate health from kills.
Scrolls take you a little longer to read.
You are robust (+10% HP).
You are weak. (Str -2)


Message History

Here: an acid blob (severely wounded)
The floor.
The wall burns you! You resist.
* * * LOW HITPOINT WARNING * * *
The golden eye blinks at you.
You are confused.
The acid blob hits you!
* * * LOW HITPOINT WARNING * * *
You are splashed with acid!
The acid burns!
You resist.
* * * LOW HITPOINT WARNING * * *
The acid blob spits acid at you. The splash of acid hits you!
The acid burns!
You resist.
* * * LOW HITPOINT WARNING * * *
Your smoke demon barely misses the acid blob.
Your smoke demon hits the acid blob.
Your smoke demon is burned by acid!
Your smoke demon hits the acid blob.
Your smoke demon is burned by acid!
The acid blob hits you!!
You die...

#.... .......
##.... .......
#.....#.......
##...#........
##.#.#.........
##.....G........
.......<........
....J..JJ3......
......#.@ยง......
..#...##..#.....
...#. ###3....#
#. ## .....# #
...... ##..# ###


You could see 2 acid blobs, a jelly, a golden eye, a friendly soul eater and a
friendly smoke demon.

Vanquished Creatures
  the Lernaean hydra (Swamp:4)
  An acid blob (Slime:4)
  3 greater nagas (Snake:4)
  Louise (Swamp:4)
  4 dire elephants (Lair:8)
  An ettin (Orc:4)
  A death ooze (Slime:2)
  11 naga warriors
  9 hydras
  4 alligators
  A ghost crab (Swamp:3)
  2 anacondas
  4 death yaks (Lair:8)
  A shock serpent (Snake:4)
  9 naga sharpshooters
  3 salamander mystics
  A spriggan druid (Swamp:3)
  An unseen horror (D:11)
  A deep troll (Orc:4)
  6 swamp dragons (Swamp:4)
  5 hill giants
  6 naga ritualists
  9 mana vipers
  An elephant (Lair:8)
  An oklob plant (Lair:8)
  2 cyclopes (Orc:4)
  An orc sorcerer (Orc:4)
  A griffon (Lair:4)
  A guardian serpent (Snake:3)
  5 salamanders
  11 spiny frogs
  21 black mambas
  8 naga magi
  7 trolls
  4 komodo dragons
  2 fire drakes (Lair:6)
  A polar bear (Lair:6)
  2 boulder beetles (Lair:6)
  6 two-headed ogres (Orc:4)
  3 giant leeches
  6 bog bodies
  6 blink frogs
  27 slime creatures
  A deep elf mage (D:10)
  A shadow (D:12)
  8 deep elf fighters (Orc:4)
  A wyvern (Lair:8)
  18 yaks
  2 spriggans
  7 hippogriffs
  10 vampire mosquitoes
  8 swamp worms
  Menkaure (D:4)
  A hungry ghost (D:11)
  38 nagas
  A wolf (Lair:7)
  Edmund (D:5)
  5 insubstantial wisps (Swamp:2)
  4 wargs
  9 water moccasins
  15 ogres
  6 porcupines
  An ice beast (D:12)
  13 orc warriors
  3 wasps
  6 swamp drakes (Swamp:4)
  4 crocodiles
  A phantom (D:6)
  3 eyes of draining
  8 centaurs
  Blork the orc (D:6)
  10 giant frogs
  A big kobold (D:9)
  3 scorpions
  6 killer bees (D:8)
  9 wights
  2 crimson imps
  8 jellies
  A giant frog zombie (D:11)
  3 hounds
  2 centaur skeletons (D:6)
  13 orc priests
  4 worker ants
  3 iguanas
  18 orc wizards
  A giant frog simulacrum (D:12)
  7 adders
  42 river rats
  A shadow imp (D:11)
  3 white imps (D:12)
  An ufetubus (D:12)
  5 oozes (Lair:7)
  An adder skeleton (D:9)
  A giant gecko (D:1)
  123 orcs
  A goblin (D:1)
  A hobgoblin (D:3)
  3 jackals (D:3)
  7 kobolds
  2 quokkas
  4 bats
  A giant gecko skeleton (D:7)
  A giant gecko zombie (D:7)
  4 giant newts
  2 rats (D:1)
  3 fungi
  10 plants
685 creatures vanquished.

Vanquished Creatures (collateral kills)
  Saint Roka (Orc:4)
  An acid blob (Slime:3)
  A greater naga (Snake:4)
  2 dire elephants (Lair:8)
  7 hydras
  2 naga warriors
  A catoblepas (Lair:5)
  An anaconda (Snake:2)
  An alligator (Swamp:1)
  2 ogre magi (Orc:4)
  2 death yaks
  A naga sharpshooter (Snake:2)
  3 swamp dragons (Swamp:4)
  A deep troll (Orc:4)
  A shambling mangrove (Swamp:2)
  A deep elf conjurer (Orc:4)
  2 mana vipers (Snake:3)
  A hill giant (Orc:4)
  2 shining eyes
  2 naga magi
  3 elephants (Lair:8)
  3 black mambas
  3 spiny frogs
  A komodo dragon (Lair:4)
  A troll (Orc:4)
  2 slime creatures
  A giant leech (Swamp:1)
  2 bog bodies
  A spriggan (Swamp:1)
  A yak (Lair:3)
  2 deep elf fighters (Orc:4)
  7 wolves (Lair:7)
  A warg (Orc:4)
  10 nagas
  5 insubstantial wisps (Swamp:2)
  A swamp worm (Swamp:4)
  2 orc warriors
  3 swamp drakes (Swamp:4)
  2 ogres (Orc:4)
  An iguana (Lair:2)
  6 river rats
  7 orcs
100 creatures vanquished.

Vanquished Creatures (others)
  A river rat (Lair:7)
  2 briar patches (Swamp:2)
  10 fungi
  8 plants
21 creatures vanquished.

Grand Total: 806 creatures vanquished

Notes
Turn   | Place    | Note
--------------------------------------------------------------
     0 | D:1      | brucemayne the Demonspawn Berserker began the quest for the Orb.
     0 | D:1      | Reached XP level 1. HP: 18/18 MP: 1/1
   151 | D:2      | Gained mutation: You have a somewhat thin skeletal structure (Dex +2, Stealth). [demonic ancestry]
   151 | D:2      | Reached XP level 2. HP: 18/24 MP: 2/2
   194 | D:2      | Found an opulent altar of Gozag.
   377 | D:3      | Noticed a giant frog
   382 | D:3      | Reached ** piety under Trog
   387 | D:3      | Killed a giant frog
   387 | D:3      | Reached skill level 4 in Axes
   387 | D:3      | Gained mutation: You have sharp toenails. [demonic ancestry]
   387 | D:3      | Reached XP level 3. HP: 23/29 MP: 3/3
   387 | D:3      | Reached XP level 4. HP: 27/35 MP: 4/4
   507 | D:4      | Reached skill level 5 in Axes
   561 | D:4      | Noticed Menkaure
   568 | D:4      | Killed Menkaure
   568 | D:4      | Reached skill level 6 in Axes
   568 | D:4      | Reached XP level 5. HP: 25/41 MP: 5/5
   668 | D:4      | Reached XP level 6. HP: 25/47 MP: 6/6
   854 | D:5      | Entered Level 5 of the Dungeon
   854 | D:5      | Found a staircase to the Ecumenical Temple.
   854 | D:5      | Noticed Edmund
   869 | D:5      | Killed Edmund
   881 | Temple   | Entered the Ecumenical Temple
   968 | D:5      | Found an opulent altar of Gozag.
  1133 | D:5      | Reached skill level 7 in Axes
  1150 | D:6      | Noticed Blork the orc
  1170 | D:6      | Killed Blork the orc
  1170 | D:6      | Gained mutation: You regenerate a little health from kills. [demonic ancestry]
  1170 | D:6      | Reached XP level 7. HP: 52/52 MP: 7/7
  1345 | D:6      | Reached skill level 8 in Axes
  1516 | D:6      | Reached skill level 9 in Axes
  1516 | D:6      | Gained mutation: You have a moderately thin skeletal structure (Dex +4, Stealth+). [demonic ancestry]
  1516 | D:6      | Reached XP level 8. HP: 58/58 MP: 8/8
  1848 | D:10     | Entered Level 10 of the Dungeon
  1924 | D:11     | Noticed a hill giant
  1941 | D:11     | Killed a hill giant
  1941 | D:11     | Reached skill level 10 in Axes
  2029 | D:12     | Reached skill level 11 in Axes
  2029 | D:12     | Reached XP level 9. HP: 36/63 MP: 9/9
  2170 | D:12     | Reached *** piety under Trog
  2495 | D:11     | Noticed a hill giant
  2514 | D:11     | Killed a hill giant
  2514 | D:11     | Reached skill level 12 in Axes
  2554 | D:11     | Noticed a hill giant
  2567 | D:11     | Killed a hill giant
  2567 | D:11     | Reached skill level 13 in Axes
  2567 | D:11     | Reached XP level 10. HP: 49/70 MP: 10/10
  2604 | D:12     | Noticed a hill giant
  2616 | D:12     | Killed a hill giant
  3065 | D:11     | Found Ruitraobb's Gadget Emporium.
  3130 | D:11     | Killed an unseen horror
  3130 | D:11     | Reached skill level 5 in Fighting
  3368 | D:10     | Gained mutation: A weak demonic guardian rushes to your aid. [demonic ancestry]
  3368 | D:10     | Reached XP level 11. HP: 75/81 MP: 11/11
  3373 | D:10     | Noticed a hill giant
  3379 | D:10     | Killed a hill giant
  3379 | D:10     | Reached skill level 14 in Axes
  3402 | D:10     | Found a staircase to the Lair.
  3443 | D:9      | Found a staircase to the Orcish Mines.
  3451 | D:9      | Reached **** piety under Trog
  3499 | D:9      | Found Ariwoq's Weapon Emporium.
  3505 | D:9      | Found Pieciwn's Armour Emporium.
  3523 | D:9      | Bought a +0 helmet for 45 gold pieces
  3554 | Orc:1    | Entered Level 1 of the Orcish Mines
  3579 | Orc:1    | Found Vixiap Teuz's Weapon Shop.
  3713 | Orc:2    | Reached ***** piety under Trog
  3952 | Orc:4    | Entered Level 4 of the Orcish Mines
  3952 | Orc:4    | Found a staircase to the Elven Halls.
  4035 | Orc:4    | Received a gift from Trog
  4229 | Orc:4    | Reached skill level 15 in Axes
  4462 | Orc:4    | Noticed Saint Roka
  4473 | Orc:4    | Killed Saint Roka
  4637 | Orc:3    | Found Usoostuf's Antique Armour Boutique.
  4774 | Orc:4    | Noticed an ogre mage
  4829 | Orc:4    | Killed an ogre mage
  4877 | Orc:4    | Reached skill level 16 in Axes
  4920 | Orc:4    | Gained mutation: A demonic guardian rushes to your aid. [demonic ancestry]
  4920 | Orc:4    | Reached XP level 12. HP: 70/87 MP: 12/12
  4940 | Orc:4    | Noticed an ettin
  4961 | Orc:4    | Killed an ettin
  5001 | Orc:4    | Noticed an ogre mage
  5010 | Orc:4    | Noticed a hill giant
  5019 | Orc:4    | Killed a hill giant
  5020 | Orc:4    | Killed an ogre mage
  5062 | Orc:4    | Noticed a deep troll
  5072 | Orc:4    | Killed a deep troll
  5176 | Orc:4    | Noticed a deep troll
  5185 | Orc:4    | Killed a deep troll
  5277 | Orc:4    | Found Geixech's Book Emporium.
  5277 | Orc:4    | Found Loscha Punai's Food Emporium.
  5278 | Orc:4    | Found Meoqi's Assorted Antiques.
  5278 | Orc:4    | Found Ediokut's Book Shoppe.
  5551 | D:9      | Noticed an eight-headed hydra
  5608 | Lair:1   | Entered Level 1 of the Lair of Beasts
  5666 | Orc:1    | Bought the +7 war axe of Irrepressible Laughter {flame, MP+9 Int+3} for 600 gold pieces
  5847 | Lair:2   | Received a gift from Trog
  5848 | Lair:2   | Got a scorched glaive {god gift}
  6004 | Lair:5   | Noticed a catoblepas
  6011 | Lair:5   | Killed a catoblepas
  6045 | Lair:5   | Found a staircase to the Snake Pit.
  6101 | Lair:3   | Reached skill level 17 in Axes
  6321 | Lair:7   | Noticed a five-headed hydra
  6345 | Lair:7   | Killed an eight-headed hydra
  6345 | Lair:7   | Reached XP level 13. HP: 96/101 MP: 13/13
  6511 | Lair:8   | Entered Level 8 of the Lair of Beasts
  6921 | Lair:8   | Noticed a dire elephant
  6921 | Lair:8   | Noticed a dire elephant
  6933 | Lair:8   | Killed a dire elephant
  6933 | Lair:8   | Reached skill level 18 in Axes
  6938 | Lair:8   | Killed a dire elephant
  6938 | Lair:8   | Received a gift from Trog
  6958 | Lair:8   | Got a brightly glowing cloak
  6969 | Lair:8   | Identified the +2 cloak of the Barber Surgeon {rPois rN+++ rCorr Int-3} (You found it on level 8 of the Lair of Beasts)
  6969 | Lair:8   | WOTTTTT
  7023 | Lair:8   | Noticed a dire elephant
  7042 | Lair:8   | Killed a dire elephant
  7083 | Lair:8   | Noticed a dire elephant
  7089 | Lair:8   | Killed a dire elephant
  7148 | Lair:8   | Noticed a dire elephant
  7169 | Lair:8   | Killed a dire elephant
  7280 | Lair:8   | Noticed a dire elephant
  7298 | Lair:8   | Killed a dire elephant
  7396 | Lair:7   | Reached ****** piety under Trog
  7552 | Lair:5   | You fall through a shaft for 3 floors!
  7676 | Lair:6   | Reached skill level 5 in Armour
  7705 | Lair:6   | Found a staircase to the Swamp.
  7715 | Swamp:1  | Entered Level 1 of the Swamp
  7830 | Swamp:2  | Noticed a thorn hunter
  8079 | Swamp:3  | Reached skill level 19 in Axes
  8096 | Swamp:3  | Reached XP level 14. HP: 62/108 MP: 14/14
  8137 | Swamp:4  | Entered Level 4 of the Swamp
  8199 | Swamp:4  | Noticed Louise
  8243 | Swamp:4  | Killed Louise
  8334 | Swamp:4  | Received a gift from Trog
  8452 | Swamp:4  | Noticed the 27-headed Lernaean hydra
  8491 | Swamp:4  | Killed the 23-headed Lernaean hydra
  8614 | Swamp:4  | Got a decaying rune of Zot
  9107 | Lair:6   | Identified a scroll of acquirement
  9181 | Snake:1  | Entered Level 1 of the Snake Pit
  9344 | Snake:1  | Gained mutation: You regenerate health from kills. [demonic ancestry]
  9344 | Snake:1  | Reached XP level 15. HP: 77/113 MP: 13/15
  9387 | Snake:2  | Reached skill level 20 in Axes
  9395 | Snake:2  | Reached skill level 10 in Armour
  9459 | Snake:2  | Received a gift from Trog
 10061 | Snake:4  | Entered Level 4 of the Snake Pit
 10314 | Snake:4  | Received a gift from Trog
 10443 | Snake:4  | Noticed a greater naga
 10451 | Snake:4  | Killed a greater naga
 10451 | Snake:4  | Reached skill level 5 in Dodging
 10483 | Snake:4  | Noticed a greater naga
 10501 | Snake:4  | Killed a greater naga
 10520 | Snake:4  | HP: 5/113 [naga warrior/short sword (5)]
 10769 | Snake:4  | Noticed a greater naga
 10781 | Snake:4  | Killed a greater naga
 10784 | Snake:4  | Noticed a greater naga
 10807 | Snake:4  | Killed a greater naga
 10885 | Snake:4  | Got a serpentine rune of Zot
 10968 | Snake:4  | Gained mutation: You have razor-sharp toenails. [demonic ancestry]
 10968 | Snake:4  | Reached XP level 16. HP: 120/120 MP: 5/16
 11035 | Snake:3  | Received a gift from Trog
 11167 | Snake:2  | Reached skill level 21 in Axes
 12045 | Lair:7   | Found a staircase to the Slime Pits.
 12078 | Lair:7   | Gained mutation: Scrolls take you a little longer to read. [potion of mutation]
 12078 | Lair:7   | Gained mutation: You are robust (+10% HP). [potion of mutation]
 12078 | Lair:7   | Gained mutation: You are weak. (Str -2) [potion of mutation]
 12136 | Slime:1  | Entered Level 1 of the Pits of Slime
 12289 | Slime:3  | Noticed an acid blob
 12293 | Slime:3  | Killed an acid blob
 12307 | Slime:4  | Noticed an acid blob
 12321 | Slime:4  | Killed an acid blob
 12324 | Slime:4  | Noticed an acid blob
 12329 | Slime:4  | Noticed an acid blob
 12333 | Slime:3  | Received a gift from Trog
 12368 | Slime:4  | HP: 2/132 [acid (7)]
 12368 | Slime:4  | Demolished by an acid blob

Vault maps used:
D:1:      mrwooster_arrival_arrow
D:2:      first_bread, nicolae_gozag_cash_rules_everything_around_me
D:4:      serial_shops, shop_statue, amalloy_card_club, uniq_menkaure
D:5:      minmay_temple_entry_nine_rooms, basic_altar, uniq_edmund,
          uniq_crazy_yiuf_cottage
D:6:      uniq_blork_the_orc
D:8:      lemuel_crystal_altar, hangedman_little_slice_of_home,
          serial_bayou_lagoon_a
D:9:      orc_david_3
D:10:     erik_lair_orcish_takeover
D:11:     lemuel_ice_spiral_2, serial_shops, nicolae_shop_trees,
          portal_ice_cave_entry_pillars_02
D:12:     serial_ice, serial_ice_d, serial_ice_n, serial_ice_m, serial_ice_g
Temple:   kilobyte_greek_temple_18
Lair:2:   grunt_megastairs_2
Lair:3:   basic_altar, serial_forest, infiniplex_forest_clump_tiny,
          infiniplex_forest_lined_room_2, infiniplex_forest_lined_2,
          infiniplex_forest_clump_diagonal, infiniplex_forest_zigzag_2,
          grunt_megastairs_4, uniq_maud
Lair:4:   minmay_stone_trees_medium
Lair:5:   beast_lair_carwin_large_1, minmay_snake_entry_guardpost_small
Lair:6:   swamp_mist
Lair:7:   nicolae_slime_entry_slimehenge
Lair:8:   due_jungle_book, serial_bayou_lake_a
Swamp:1:  evilmike_swamp_ruin_house_1
Swamp:2:  infiniplex_staircase_pool
Swamp:3:  nicolae_swamp_godswood
Swamp:4:  swamp_old_school, uniq_louise
Snake:2:  grunt_ministairs_13
Snake:4:  minmay_snake_end_coiled
Orc:1:    serial_shops, nicolae_shop_trees
Orc:3:    serial_shops, shop, nicolae_orc_pool_cavern, minmay_orc_barracks
Orc:4:    st_orc_open, elves_outpost_lemuel, uniq_saint_roka

Action                   |  1- 3 |  4- 6 |  7- 9 | 10-12 | 13-15 | 16-18 || total
-------------------------+-------+-------+-------+-------+-------+-------++-------
Melee: Hand axe          |    58 |    85 |   340 |   225 |       |       ||   708
       Battleaxe         |       |       |       |   567 |   449 |   276 ||  1292
       War axe           |       |       |       |    33 |   585 |       ||   618
       Executioner's axe |       |       |       |       |     4 |       ||     4
Throw: Throwing net      |       |       |     1 |       |       |       ||     1
Invok: Berserk           |     1 |     4 |     9 |    11 |     6 |     1 ||    32
       Trog's Hand       |       |     1 |     3 |     8 |     8 |       ||    20
       Brothers in Arms  |       |       |       |     3 |     1 |       ||     4
Evoke: Wand              |       |       |       |     1 |     1 |     1 ||     3
  Use: Potion            |       |       |     2 |     1 |     2 |     4 ||     9
       Scroll            |       |       |       |     8 |    14 |     2 ||    24
 Stab: Sleeping          |     1 |       |       |       |       |       ||     1
       Held in net/web   |       |       |     1 |       |       |       ||     1
       Distracted        |       |       |       |     2 |     9 |     2 ||    13
  Eat: Chunk             |       |     4 |    15 |    25 |    22 |     3 ||    69
       Bread ration      |       |     1 |       |     1 |     1 |       ||     3
       Meat ration       |       |       |     2 |       |       |       ||     2
       Beef jerky        |       |       |     1 |       |     1 |     1 ||     3
       Pizza             |       |       |     1 |       |       |       ||     1
       Fruit             |       |       |       |       |     4 |       ||     4
       Royal jelly       |       |       |       |       |     1 |       ||     1
